 Dungeon Crawl Stone Soup version 0.16-a0-3890-gc52a7a5 (webtiles) character file.

480 oshikia the Insei (level 7, 0/49 HPs)
             Began as an Octopode Monk on Feb 3, 2015.
             Was a Priest of Dithmenos.
             Slain by an orc wizard
             ... wielding a +0 dagger
              (3 damage)
             ... on level 4 of the Dungeon.
             The game lasted 00:09:19 (2808 turns).

oshikia the Insei (Octopode Monk)                   Turns: 2808, Time: 00:09:20

Health: 0/49       AC:  1    Str: 10    XL:     7   Next: 12%
Magic:  9/9        EV: 14    Int: 13    God:    Dithmenos [***...]
Gold:   224        SH:  0    Dex: 16    Spells: 0 memorised, 6 levels left

rFire  + . .     SeeInvis .       - Unarmed
rCold  + . .     Clarity  .     (no shield)
rNeg   + . .     SustAb   .     (helmet restricted)
rPois  +         Gourm    .     (no amulet)
rElec  +         Spirit   .     h - ring of poison resistance
rCorr  +         Warding  .     i - ring of positive energy
rMut   .         Stasis   .     (no ring)
MR     .....                    (no ring)
Stlth  ++++++....               (no ring)
                                (no ring)
                                (no ring)
                                (no ring)

@: resistant, wreathed by umbra, not resistant to hostile enchantments, very
stealthy
A: almost no armour, amphibious, 8 rings, constrict 8, camouflage 1, gelatinous
body 1, no device heal 1
a: Shadow Step, Renounce Religion


You were on level 4 of the Dungeon.
You worshipped Dithmenos.
Dithmenos was most pleased with you.
You were not hungry.

You visited 1 branch of the dungeon, and saw 4 of its levels.

You collected 224 gold pieces.

Inventory:

Jewellery
 h - a ring of poison resistance (left tentacle)
 i - a ring of positive energy (right tentacle)
 m - an uncursed ring of fire {unknown}
 q - a +5 ring of intelligence {unknown}
Scrolls
 a - 2 scrolls of enchant armour {unknown}
 c - 3 scrolls of identify {unknown}
 d - a scroll of magic mapping {unknown}
 e - 2 scrolls of remove curse {unknown}
 f - a scroll of fog {unknown}
 n - a scroll of random uselessness {unknown}
Potions
 j - a potion of mutation
 l - 2 potions of poison
 o - a potion of curing {unknown}
 r - a potion of lignification {unknown}
Comestibles
 b - 2 bread rations
 g - a meat ration
 k - 2 beef jerkies


   Skills:
 * Level 4.8 Fighting
 * Level 3.5 Dodging
 + Level 4.6 Stealth
 + Level 6.2 Unarmed Combat
 + Level 2.1 Invocations


You had 6 spell levels left.
You didn't know any spells.

Dungeon Overview and Level Annotations

Branches:
Dungeon (4/15)
 Temple: D:4-7

Altars:
Dithmenos
Xom


Innate Abilities, Weirdness & Mutations

You cannot wear most types of armour.
You are amphibious.
You can wear up to eight rings at the same time.
You can use your tentacles to constrict many enemies at once.
Your skin changes colour to match your surroundings (Stealth).
Your rubbery body absorbs attacks (AC +1).
Potions and wands are less effective at restoring your health.


Message History

Drink which item? (? for menu, Esc to quit)
It was a potion of mutation.
You feel extremely strange.
Your vision sharpens.
Reactivating autopickup.
Your vision seems duller.
Your system partially rejects artificial healing.
You constrict the orc.
You kill the orc!
Dithmenos accepts your kill. Something hits you.
* * * LOW HITPOINT WARNING * * *
Deactivating autopickup; reactivate with Ctrl-A.
The orc closely misses you.
Drink which item? (? for menu, Esc to quit)
It was a potion of resistance.
You feel protected. The orc hits you with a hand axe.
* * * LOW HITPOINT WARNING * * *
The rat barely misses you. Something hits you.
You die...

...#.#####.######
....#......... ...
.....+........ ..#.#
......#.##.##.# #.#.#
#.......##.##.####.#.#.
#......................
#........#.##.#.##.#.##
.##[...ooo.#.##.#.##.#.#
.......)@..#.##.#.##.#.#
.##....{r..#.##.#.##.#.#
#........#.##.#.##.#.## .
.............#.#.#...... ...
.....####.#..#.#.#..####
..#.##..# ###.#..#.#.#..#### #
#.#.# .. ................. ##
###.#.##..#####.#..#.#........
.. .......
........)..#.#......


You could see an orc priest, 2 orcs and a rat.

Vanquished Creatures
  A centaur (D:3)
  2 hounds
  4 orc priests
  Natasha (thrice) (D:3)
  Robin (D:3)
  3 adders
  5 worms
  13 orcs
  4 giant cockroaches
  13 goblins
  13 hobgoblins
  5 jackals (D:3)
  2 ball pythons
  15 bats
  3 giant geckos
  5 giant newts
  4 kobolds
  2 quokkas (D:3)
  16 rats
114 creatures vanquished.

Notes
Turn   | Place    | Note
--------------------------------------------------------------
     0 | D:1      | oshikia, the Octopode Monk, began the quest for the Orb.
     0 | D:1      | Reached XP level 1. HP: 16/16 MP: 1/1
    65 | D:1      | Reached XP level 2. HP: 2/21 MP: 2/2
   685 | D:2      | Reached XP level 3. HP: 22/26 MP: 3/3
   959 | D:2      | Reached XP level 4. HP: 24/33 MP: 4/4
  1199 | D:2      | Found a shadowy altar of Dithmenos.
  1211 | D:2      | Reached skill level 5 in Unarmed Combat
  1221 | D:2      | Became a worshipper of Dithmenos the Shadowed
  1221 | D:2      | Acquired Dithmenos' first power
  1348 | D:3      | Noticed Robin
  1355 | D:3      | Killed Robin
  1380 | D:3      | Reached XP level 5. HP: 6/37 MP: 5/5
  1388 | D:3      | Reached skill level 1 in Invocations
  1394 | D:3      | Found a shimmering altar of Xom.
  2013 | D:3      | Reached XP level 6. HP: 27/43 MP: 5/7
  2186 | D:3      | Noticed Natasha
  2196 | D:3      | Killed Natasha
  2370 | D:3      | Acquired Dithmenos' second power
  2457 | D:3      | Noticed Natasha
  2460 | D:3      | Noticed a centaur
  2468 | D:3      | Killed a centaur
  2468 | D:3      | Reached skill level 6 in Unarmed Combat
  2577 | D:3      | Killed Natasha
  2600 | D:3      | Noticed Natasha
  2603 | D:3      | Killed Natasha
  2800 | D:4      | Reached XP level 7. HP: 49/49 MP: 9/9
  2807 | D:4      | Gained mutation: You have supernaturally acute eyesight. [potion of mutation]
  2807 | D:4      | Lost mutation: You have supernaturally acute eyesight. [potion of mutation]
  2807 | D:4      | Gained mutation: Potions and wands are less effective at restoring your health. [potion of mutation]
  2808 | D:4      | Slain by an orc wizard

Action                   |  1- 3 |  4- 6 |  7- 9 || total
-------------------------+-------+-------+-------++-------
Melee: Unarmed           |    77 |   149 |     5 ||   231
  Use: Potion            |       |     1 |     3 ||     4
 Stab: Sleeping          |    15 |    11 |       ||    26
       Distracted        |       |     1 |       ||     1
  Eat: Chunk             |       |     6 |       ||     6
